 Dungeon Crawl Stone Soup version 0.18-a0-1780-g189a03f (webtiles) character file.

18475 TheGoonsmith the Severer (level 12, -5/105 HPs)
             Began as a Deep Dwarf Gladiator on Apr 17, 2016.
             Was a High Priest of Pakellas.
             Slain by a komodo dragon (10 damage)
             ... on level 1 of the Lair of Beasts.
             The game lasted 00:41:52 (11052 turns).

TheGoonsmith the Severer (Deep Dwarf Gladiator)    Turns: 11052, Time: 00:41:53

Health: -5/105     AC: 17    Str: 25    XL:     12   Next: 28%
Magic:  11/19      EV: 11    Int: 10    God:    Pakellas [*****.]
Gold:   752        SH:  0    Dex: 14    Spells: 1 memorised, 9 levels left

rFire  + . .     SeeInvis .     a - +7 halberd "Riuwaovuff" {chop, rC+}
rCold  + + .     Gourm    .     v - +0 plate armour {rC+}
rNeg   . . .     Faith    .     (shield currently unavailable)
rPois  .         Spirit   .     c - +0 helmet
rElec  .         Dismiss  .     i - +0 cloak
rCorr  .         Reflect  .     h - +0 pair of gloves
SustAt +         Harm     .     (no boots)
MR     ++...                    (no amulet)
Stlth  ..........               l - ring of fire
                                g - ring "Biock" {SustAt rC+ MR+ Str+3}

@: confused, non-regenerating, very resistant to hostile enchantments, extremely
unstealthy
A: damage resistance, recharge devices, sense surroundings 2, slow regeneration
3
a: Device Recharging, Quick Charge, Device Surge, Renounce Religion


You were on level 1 of the Lair of Beasts.
You worshipped Pakellas.
Pakellas was extremely pleased with you.
You were not hungry.

You visited 3 branches of the dungeon, and saw 15 of its levels.

You collected 913 gold pieces.
You spent 161 gold pieces at shops.

Inventory:

Hand Weapons
 a - the +7 halberd "Riuwaovuff" (weapon) {chop, rC+}
   (You found it on level 11 of the Dungeon)

   It inflicts extra damage upon your enemies.
   It protects you from cold.
Missiles
 d - 3 throwing nets (quivered)
Armour
 c - a +0 helmet (worn)
 h - a +0 pair of gloves (worn)
 i - a +0 cloak (worn)
 v - a +0 plate armour of cold resistance (worn)
 R - a +2 ring mail of poison resistance
 Y - a +0 plate armour
Rods
 b - a +4 rod of ignition (10/10)
   (Pakellas gifted it to you on level 12 of the Dungeon)
Jewellery
 g - the ring "Biock" (left hand) {SustAt rC+ MR+ Str+3}
   (You took it off a centaur on level 12 of the Dungeon)

   [ring of sustain attributes]

   It sustains your strength, intelligence and dexterity.
   It affects your strength (+3).
   It protects you from cold.
   It affects your resistance to hostile enchantments.
 l - a ring of fire (right hand)
 t - an uncursed ring of ice
 F - an uncursed ring of see invisible
Wands
 e - a wand of heal wounds (0/9)
 f - a wand of digging (8/24)
 y - a wand of slowing (35/48)
 B - a wand of slowing (9/48)
 C - a wand of confusion (5/48)
 N - a wand of enslavement (12/24)
 Q - a wand of random effects (10/48)
 S - a wand of lightning (1/15)
 V - a wand of flame (6/48)
Scrolls
 m - 5 scrolls of remove curse
 o - 4 scrolls of teleportation
 p - a scroll of blinking
 q - a scroll of fog
 x - a scroll of amnesia
 D - a scroll of recharging
 E - a scroll of brand weapon {unknown}
 J - a scroll of summoning
 K - 2 scrolls of identify
 O - a scroll of magic mapping
 U - a scroll of fear
Potions
 u - 2 potions of magic
 z - a potion of lignification
 A - 4 potions of flight
 H - 3 potions of invisibility
 I - 3 potions of curing
 M - a potion of cancellation {unknown}
 W - 2 potions of brilliance {unknown}
Books
 X - a book of Burglary

   Spells                             Type                      Level
   a - Swiftness                      Charms/Air                   2
   b - Passwall                       Transmutation/Earth          2
   c - Passage of Golubria            Translocation                4
   d - Lee's Rapid Deconstruction     Earth                        5
   e - Darkness                       Hexes                        6
   f - Invisibility                   Hexes                        6
Miscellaneous
 k - a fan of gales (inert)
 s - a box of beasts {used: 5}
 Z - a phial of floods (inert)
Comestibles
 j - 4 chunks of flesh
 n - 3 beef jerkies
 r - 3 slices of pizza
 w - 5 meat rations
 G - 8 bread rations
 L - a fruit


   Skills:
 - Level 6.0 Fighting
   Level 15.0(15.2) Axes
 + Level 3.1(9.1) Polearms
 - Level 1.7 Throwing
 - Level 7.1 Armour
 - Level 9.2 Dodging
 - Level 12.0 Evocations


You had 9 spell levels left.
You knew the following spells:

 Your Spells              Type           Power        Failure   Level  Hunger
a - Swiftness             Chrm/Air       #.......     100%        2    ###....


Dungeon Overview and Level Annotations

Branches:
Dungeon (13/15)            Temple (1/1) D:5            Lair (1/8) D:11
    Orc (0/2) D:11
 Vaults: D:13-14

Altars:
Ashenzari
Cheibriados
Dithmenos
Elyvilon
Fedhas
Gozag
Kikubaaqudgha
Makhleb
Nemelex Xobeh
Okawaru
Pakellas
Qazlal
Ru
Sif Muna
Trog
Vehumet
Xom
Yredelemnul
Zin
The Shining One

Shops:
D:8 *   D:9 }


Innate Abilities, Weirdness & Mutations

You are resistant to damage.
You can recharge devices by infusing magical energy.
You passively map the area around you.
You do not regenerate naturally.


Message History

You feel much better.
This wand has 0 charges left.
You puncture the komodo dragon!
The komodo dragon is almost dead.
The komodo dragon bites you!
* * * LOW HITPOINT WARNING * * *
Evoke which item? (* to show all) (? for menu, Esc to quit)
Zapping:
V - a wand of flame (7/48)
Press: ? - help, Shift-Dir - straight line, f - komodo dragon
Aim: a komodo dragon (almost dead)
The puff of flame hits the komodo dragon.
The komodo dragon is almost dead.
This wand has 6 charges left.
The komodo dragon bites you!!
* * * LOW HITPOINT WARNING * * *
Evoke which item? (* to show all) (? for menu, Esc to quit)
This wand has no charges.
Drink which item? (? for menu, Esc to quit)
You are confused.
You feel invigorated. The komodo dragon bites you!
You die...
Pakellas says: Time to find a new assistant...

,, .........##........# ##.
.........##.######.#######.
,,,..........#..####..##......
, .........##.###.##.##..##..
, .......................##..
* ....>......................
, ..../......................
* ........................#(.
.........l@....)........#..
.......................#... *
, .......................##..
....................†..##..
,.......................#*..
..............P###.##### .. ,
, ..........<....##..# *.. , ,
............[.###.## *.. ,, ,
.............##..# ##..


You could see a komodo dragon.

Vanquished Creatures
  2 hill giants
  2 ugly things (D:12)
  A cyclops (D:12)
  A manticore (D:12)
  6 komodo dragons (Lair:1)
  A yaktaur (D:12)
  A troll (D:11)
  A polar bear (shapeshifter) (D:12)
  A two-headed ogre (D:10)
  5 slime creatures (D:12)
  Grinder (D:5)
  A yak (shapeshifter) (D:11)
  11 yaks
  A spriggan (D:8)
  A wraith (D:13)
  A hungry ghost (D:11)
  A hippogriff (D:11)
  A steam dragon (D:11)
  A mottled dragon (D:12)
  2 water moccasins (Lair:1)
  3 phantoms
  4 sky beasts
  4 ice beasts
  5 orc warriors
  A black bear (D:6)
  4 ogres
  7 centaurs
  A wolf (Lair:1)
  2 big kobolds
  4 giant frogs
  A wyvern zombie (D:8)
  2 scorpions
  10 killer bees
  17 wights
  8 howler monkeys
  4 crimson imps
  5 hounds
  2 jellies
  3 quasits
  2 giant frog zombies
  A centaur zombie (D:6)
  6 orc priests
  5 centaur skeletons
  16 orc wizards
  4 giant frog skeletons
  6 iguanas
  13 worker ants
  2 hound zombies (D:10)
  A hound skeleton (D:5)
  3 worker ant zombies
  A howler monkey zombie (D:5)
  13 adders
  A shadow imp (D:10)
  2 oozes
  An adder skeleton (D:6)
  2 worms
  2 dart slugs
  3 giant geckos
  38 orcs
  2 ball pythons (D:4)
  6 giant cockroaches
  2 hobgoblins (D:1)
  15 jackals
  7 quokkas
  10 bats
  4 giant newts
  6 goblins
  19 kobolds
  A quokka skeleton (D:4)
  10 rats
333 creatures vanquished.

Vanquished Creatures (collateral kills)
  A hill giant (D:12)
  An ugly thing (D:12)
  A guardian serpent (D:11)
  A komodo dragon (Lair:1)
  A wyvern (D:12)
  2 hippogriffs (D:12)
  A quasit (D:11)
  2 orcs (D:11)
10 creatures vanquished.

Vanquished Creatures (others)
  An orc warrior (D:11)
  A wyvern skeleton (D:11)
2 creatures vanquished.

Grand Total: 345 creatures vanquished

Notes
Turn   | Place    | Note
--------------------------------------------------------------
     0 | D:1      | TheGoonsmith the Deep Dwarf Gladiator began the quest for the Orb.
     0 | D:1      | Reached XP level 1. HP: 19/19 MP: 1/1
   213 | D:1      | Reached XP level 2. HP: 21/26 MP: 2/2
   217 | D:1      | Reached skill level 4 in Axes
   698 | D:1      | Reached XP level 3. HP: 25/32 MP: 3/3
  1018 | D:2      | Reached skill level 5 in Axes
  1067 | D:2      | Found a shimmering altar of Xom.
  1206 | D:2      | Reached XP level 4. HP: 19/40 MP: 4/4
  1234 | D:2      | Found a faded altar to an unknown god.
  1752 | D:3      | HP: 1/42 [orc priest/divine providence (9)]
  1758 | D:3      | Reached XP level 5. HP: 27/50 MP: 5/5
  2470 | D:4      | You fall through a shaft for 2 floors!
  2544 | D:6      | Found a basalt altar of Yredelemnul.
  2569 | D:6      | Reached XP level 6. HP: 14/58 MP: 6/6
  2619 | D:6      | Reached skill level 6 in Axes
  3113 | D:5      | Entered Level 5 of the Dungeon
  3130 | D:5      | Noticed Grinder
  3158 | D:5      | Killed Grinder
  3158 | D:5      | Reached XP level 7. HP: 18/66 MP: 7/7
  3196 | D:5      | Found a staircase to the Ecumenical Temple.
  3234 | Temple   | Entered the Ecumenical Temple
  3649 | D:5      | Reached XP level 8. HP: 35/73 MP: 8/8
  3778 | D:6      | Found a glowing golden altar of the Shining One.
  3786 | D:6      | Found a blossoming altar of Fedhas.
  4163 | D:7      | Reached skill level 7 in Axes
  4671 | D:7      | Reached skill level 8 in Axes
  4805 | D:7      | Reached skill level 9 in Axes
  4912 | D:8      | Found an ancient bone altar of Kikubaaqudgha.
  4945 | D:8      | Gained mutation: You passively map the area around you. [Deep Dwarf growth]
  4945 | D:8      | Reached XP level 9. HP: 27/79 MP: 8/8
  4999 | D:8      | Found an iron altar of Okawaru.
  5065 | D:8      | Found a sparkling altar of Nemelex Xobeh.
  5171 | D:8      | Found a glowing golden altar of the Shining One.
  5232 | D:8      | Found a white marble altar of Elyvilon.
  5361 | D:8      | Found Pitinar's Assorted Antiques.
  5368 | D:8      | Bought a black potion for 22 gold pieces
  5368 | D:8      | Bought a viscous puce potion for 22 gold pieces
  5368 | D:8      | Bought a fuming dark potion for 22 gold pieces
  5368 | D:8      | Bought a scroll labeled CINEIT NUVYT for 25 gold pieces
  5368 | D:8      | Bought 2 black potions for 45 gold pieces
  5368 | D:8      | Bought a wand of flame for 25 gold pieces
  5389 | D:8      | Reached skill level 15 in Axes
  5389 | D:8      | Reached XP level 10. HP: 35/87 MP: 8/8
  5543 | D:9      | Reached skill level 1 in Evocations
  5772 | D:9      | Found an oddly glowing altar of Pakellas.
  5772 | D:9      | Found Pakellas's Prime Provisions.
  5776 | D:9      | Became a worshipper of Pakellas the Inventive
  6675 | D:4      | Reached * piety under Pakellas
  6675 | D:4      | Received a gift from Pakellas
  7229 | D:9      | Reached skill level 5 in Evocations
  7493 | D:10     | Entered Level 10 of the Dungeon
  7694 | D:10     | Reached ** piety under Pakellas
  7694 | D:10     | Received a gift from Pakellas
  7811 | D:10     | Reached skill level 1 in Armour
  7879 | D:10     | Noticed a hill giant
  7889 | D:10     | Killed a hill giant
  8042 | D:10     | Reached skill level 5 in Armour
  8042 | D:10     | Reached XP level 11. HP: 28/93 MP: 13/13
  8317 | D:11     | Reached *** piety under Pakellas
  8317 | D:11     | Received a gift from Pakellas
  8682 | D:11     | Noticed a hill giant
  8697 | D:11     | Killed a hill giant
  8703 | D:11     | Got a scorched halberd
  8707 | D:11     | Identified the +7 halberd "Riuwaovuff" {chop, rC+} (You found it on level 11 of the Dungeon)
  8958 | D:11     | Reached skill level 1 in Polearms
  9279 | D:11     | Reached **** piety under Pakellas
  9279 | D:11     | Received a gift from Pakellas
  9356 | D:11     | Found a staircase to the Lair.
  9556 | D:11     | Found a staircase to the Orcish Mines.
  9800 | D:12     | Reached skill level 5 in Fighting
  9985 | D:12     | Noticed a white ugly thing
  9991 | D:12     | Killed a white ugly thing
 10123 | D:12     | Reached ***** piety under Pakellas
 10123 | D:12     | Received a gift from Pakellas
 10127 | D:12     | Identified a +4 rod of ignition (10/10) (Pakellas gifted it to you on level 12 of the Dungeon)
 10408 | D:12     | Noticed a green ugly thing
 10411 | D:12     | Noticed a hill giant
 10417 | D:12     | Noticed a purple ugly thing
 10596 | D:12     | Killed a green ugly thing
 10600 | D:12     | Killed a red ugly thing
 10600 | D:12     | Reached XP level 12. HP: 75/105 MP: 15/17
 10618 | D:12     | Reached skill level 10 in Evocations
 10670 | D:12     | Learned a level 2 spell: Swiftness
 10671 | D:12     | Got a smoking pewter ring
 10673 | D:12     | Identified the ring "Biock" {SustAt rC+ MR+ Str+3} (You took it off a centaur on level 12 of the Dungeon)
 10853 | Lair:1   | Entered Level 1 of the Lair of Beasts
 11050 | Lair:1   | HP: 2/105 [komodo dragon (17)]
 11052 | Lair:1   | Slain by a komodo dragon

Vault maps used:
D:1:      ncdulo_smallfort
D:2:      first_bread, ecumenical_altar_1, xom_teletrap_fun
D:5:      minmay_temple_entry_purple_smoke, minmay_misc_feat_tiny, uniq_grinder
D:6:      lemuel_crystal_altar, yredelemnul_altar_generic, tso_oasis_becter
D:8:      old_standard_altar, old_standard_altar, lemuel_round_altar,
          elyvilon_altar_1, serial_shops, nicolae_shop_overgrown_old_shop,
          basic_altar, the_bakery, kennysheep_generic_room_10
D:9:      johnstein_pakellas_shop
D:11:     lair_0_dummy, david_orc_4, nrook_guardian_serpent_ordinary
D:12:     minmay_blocking_statues
D:13:     serial_shops, kennysheep_mini_moat, nicolae_qazlal_general_emergency
Temple:   zaba_magenta_temple_12
Lair:1:   beast_lair_carwin_7

Skill      XL: |  1  2  3  4  5  6  7  8  9 10 11 12 |
---------------+-------------------------------------+-----
Axes           | 4 5 6 9 15 | 15.0
Fighting       | 2 3 4 6 |  6.0
Dodging        | 6 7 8 9 |  9.2
Evocations     | 6 9 12 | 12.0
Armour         | 5 7 |  7.1
Polearms       | 3 |  3.1
Throwing       | |  1.7

Action                   |  1- 3 |  4- 6 |  7- 9 | 10-12 || total
-------------------------+-------+-------+-------+-------++-------
Melee: War axe           |   104 |   231 |   283 |   339 ||   957
       Halberd           |       |       |       |   326 ||   326
Invok: Quick Charge      |       |       |       |     8 ||     8
       Device Surge      |       |       |       |     1 ||     1
 Abil: Device Recharging |       |       |     2 |       ||     2
Evoke: Wand              |       |     8 |     9 |   151 ||   168
       Box of beasts     |       |       |       |     5 ||     5
       Rod               |       |       |       |     2 ||     2
       Fan of gales      |       |       |       |     1 ||     1
       Phial of floods   |       |       |       |     1 ||     1
  Use: Potion            |       |     5 |     5 |     1 ||    11
       Scroll            |       |    10 |     6 |    10 ||    26
 Stab: Distracted        |       |     1 |       |     1 ||     2
       Confused          |       |       |       |    12 ||    12
  Eat: Chunk             |     1 |     5 |     1 |    17 ||    24
       Bread ration      |       |     1 |     1 |       ||     2
       Fruit             |       |       |       |     3 ||     3
       Royal jelly       |       |       |       |     1 ||     1
Armor: Leather armour    |    19 |       |       |       ||    19
       Ring mail         |    33 |    81 |    89 |    91 ||   294
       Skin              |       |     7 |    26 |       ||    33
       Plate armour      |       |       |       |   120 ||   120
Dodge: Dodged            |    96 |   167 |   241 |   360 ||   864
